 Dungeon Crawl Stone Soup version 0.27-a0-1529-g1e82c303ef (webtiles) character file.

Game seed: 9387196302415865387

3021 Sobieck the Destroyer (level 9, -2/74 HPs)
             Began as a Demigod Conjurer on July 11, 2021.
             Slain by an orc warrior (10 damage)
             ... on level 7 of the Dungeon.
             The game lasted 00:19:03 (8518 turns).

Sobieck the Destroyer (Demigod Conjurer)            Turns: 8518, Time: 00:19:04

Health: -2/74      AC:  7    Str:  8    XL:     9   Next: 30%
Magic:  14/21      EV: 12    Int: 32    God:
Gold:   339        SH:  0    Dex: 12    Spells: 13/20 levels left

rFire    . . .     SeeInvis +   b - staff of conjuration {!a@e2staff}
rCold    . . .     Faith    .   (no shield)
rNeg     . . .     Spirit   .   n - +0 steam dragon scales
rPois    .         Reflect  .   (no helmet)
rElec    .         Harm     .   (no cloak)
rCorr    .         Rampage  .   j - +0 pair of gloves
Will     +....                  y - +0 pair of boots
Stlth    ++........             (no amulet)
HPRegen  0.22/turn              l - ring of see invisible
MPRegen  0.17/turn              t - ring of willpower

@: lethally poisoned (-2 -> -3)
A: high mp 1, forlorn
a: no special abilities


You were on level 7 of the Dungeon.
You visited 1 branch of the dungeon, and saw 8 of its levels.

You collected 339 gold pieces.


Innate Abilities, Weirdness & Mutations

Your attributes grow dramatically as you level up.
You have an increased reservoir of magic. (+10% MP)
You shall have no god before yourself.


   Skills:
 - Level 5.0 Fighting
 - Level 2.0 Dodging
 - Level 2.0 Stealth
 - Level 6.0 Spellcasting
 + Level 8.9 Conjurations
 - Level 4.0 Translocations


You had 13 spell levels left.
You knew the following spells:

 Your Spells              Type           Power      Damage    Failure   Level
a - Magic Dart            Conj           100%       1d8       1%          1
b - Searing Ray           Conj           100%       3d7       1%          2
c - Iskenderun's Mystic   Conj/Tloc      66%        2d14      3%          4

Your spell library contained the following spells:

 Spells                   Type           Power      Damage    Failure   Level
 Conjure Flame            Conj/Fire      55%        6-21      2%          3
 Dazzling Flash           Conj/Hex       100%       N/A       2%          3
 Stone Arrow              Conj/Erth      100%       3d13      2%          3
 Fulminant Prism          Conj/Hex       27%        3d14      8%          4
 Bolt of Magma            Conj/Fire/Erth 21%        4d11      36%         5
 Olgreb's Toxic Radiance  Pois           9%         N/A       41%         4
 Ozocubu's Refrigeration  Ice            4%         4d5       100%        7
 Ignition                 Fire           4%         3d4       100%        8

Inventory:

Hand Weapons
 C - a +3 whip of electrocution {mace}
   (You took it off a kobold on level 3 of the Dungeon)
 H - a +3 whip {mace}
   (You took it off a gnoll on level 5 of the Dungeon)
 J - a +0 whip of freezing {mace}
   (You took it off Pikel on level 6 of the Dungeon)
Missiles
 d - 204 stones {throwing}
 e - 3 javelins {throwing}
 h - 8 boomerangs {throwing}
 p - 20 bolts
 s - 126 arrows
 u - 75 sling bullets
 D - 28 poisoned darts {throwing}
Armour
 a - a +0 robe
 j - a +0 pair of gloves (worn)
   (You found it on level 1 of the Dungeon)
 n - +0 steam dragon scales (worn)
   (You found it on level 7 of the Dungeon)
 y - a +0 pair of boots (worn)
   (You found it on level 6 of the Dungeon)
Magical Staves
 b - a staff of conjuration (weapon) {!a@e2staff}
   (You found it on level 1 of the Dungeon)
Jewellery
 l - a ring of see invisible (left hand)
   (You found it on level 1 of the Dungeon)
 t - a ring of willpower (right hand)
   (You found it on level 3 of the Dungeon)
 F - a ring of flight
   (You found it on level 4 of the Dungeon)
Wands
 x - a wand of iceblast (8)
   (You found it on level 3 of the Dungeon)
 A - a wand of charming (21)
   (You found it on level 3 of the Dungeon)
 K - a wand of mindburst (12)
   (You took it off a gnoll on level 7 of the Dungeon)
Scrolls
 c - a scroll of enchant weapon
 f - a scroll of magic mapping {!r}
 o - 3 scrolls of immolation {!r!r}
 r - 2 scrolls of holy word
 v - a scroll of fear {unknown}
 z - 2 scrolls of noise {!r}
 G - a scroll of fog
Potions
 g - a potion of attraction {unknown}
 i - 3 potions of heal wounds {@q2}
 k - 5 potions of curing {@q1}
 m - 2 potions of lignification {!q}
 q - 3 potions of haste {@q3}
 w - a potion of berserk rage {unknown}
 B - 2 potions of might
 E - a potion of cancellation {unknown}
 I - 2 potions of magic

Dungeon Overview and Level Annotations

Branches:
Dungeon (8/15)
 Temple: D:4-7         Lair: D:8-11

Shops:
D:7 ([*[

Annotations:
D:3 1 runed translucent door, atabob's ghost, amateur DsGl

............## #.#
##.#.#####.## #.#
##.#<# ### ..#
...#.# ###
####.#######
#........#
#..#####.# #..#
#.########.# #..
#..# #.#..†y@o).#
#.#
#..#####.#.######.#
#.# #..##......##
#.# #...........#
#. #.#
#.###.##.##.# #.#
#.# #.......)# .#
#.# ##.########
#####.#### .# #.#
#.......... #.# .#
#.###..########
##.## .#
#.#.......#


You could see an orc warrior and a killer bee.


Message History

The killer bee buzzes angrily. x3; The kobold shouts!
The orc warrior shouts!
The kobold shouts!
The orc shouts!
You hear a shout!
The killer bee closely misses you.
The orc warrior hits you with a +0 short sword!
The kobold brigand hits you but does no damage.
A basilisk comes into view.
The killer bee barely misses you. The killer bee misses you.
The orc hits you with a +0 whip.
The orc warrior hits you with a +0 short sword.
The kobold brigand hits you with a +0 whip.
The orc moves out of view.
An orc wizard comes into view. It is wielding a +0 dagger.
The orc wizard shouts!
There is a stone staircase leading up here. 😕 HP[-17]
You take 17 damage, and now have 57/74 hp.
MASSIVE DAMAGE!! (PAUSE)
The killer bee buzzes angrily.
The killer bee stings you. The killer bee stings you!
The basilisk hisses menacingly.
The killer bee stings you. The killer bee completely misses you.
The orc hits you with a +0 whip.
The orc warrior hits you with a +0 short sword.
* * * LOW HITPOINT WARNING * * *
You climb upwards.
There is a stone staircase leading down here. 😮 HP[-19]
You take 19 damage, and now have 38/74 hp.
MASSIVE DAMAGE!! (PAUSE)
Casting: Searing Ray (safe; 1% risk of failure)
Confirm with . or Enter, or press ? or * to list all spells.
Aiming: Searing Ray (safe; 1% risk of failure)
Press: ? - help, Shift-Dir - straight line, f - kobold brigand
Aim: a kobold brigand, wielding a +0 whip and quivering poisoned darts (79% to hit)
You feel a surge of power!
The searing ray misses the orc warrior.
The searing ray hits the orc!
You kill the orc!
The searing ray hits the kobold brigand! (Press . to maintain the ray.)
The killer bee closely misses you. The killer bee stings you.
* * * LOW HITPOINT WARNING * * *
The orc warrior hits you but does no damage. 😨 HP[-5] MP[-2]
You take 5 damage, and now have 33/74 hp.
You lost 2 mp, and now have 19/21 mp.
The searing ray hits the orc warrior!
The searing ray hits the kobold brigand!
The killer bee barely misses you. The killer bee stings you.
* * * LOW HITPOINT WARNING * * *
You are poisoned.
The killer bee poisons you!
The orc warrior misses you. 😨 HP[-6] MP[-1]
You take 6 damage, and now have 27/74 hp.
You lost 1 mp, and now have 18/21 mp.
The searing ray misses the orc warrior.
The searing ray hits the kobold brigand!
You kill the kobold brigand!
You feel sick.
The killer bee stings you but does no damage.
The killer bee closely misses you.
The orc warrior hits you but does no damage. 😨 HP[-2] MP[-1]
You take 2 damage, and now have 25/74 hp.
You lost 1 mp, and now have 17/21 mp.
The searing ray hits the orc warrior!
You finish channeling your searing ray.
You feel sick. The killer bee stings you.
* * * LOW HITPOINT WARNING * * *
The killer bee barely misses you.
The orc warrior hits you with a +0 short sword.
* * * LOW HITPOINT WARNING * * *
😨 HP[-3] MP[-1]
You take 3 damage, and now have 22/74 hp.
You lost 1 mp, and now have 16/21 mp.
You feel much better.
You feel sick. The killer bee stings you. x2
The orc warrior hits you with a +0 short sword!
* * * LOW HITPOINT WARNING * * *
😨 HP[+11]
You regained 11 hp, and now have 33/74 hp.
Casting: Searing Ray (safe; 1% risk of failure)
Confirm with . or Enter, or press ? or * to list all spells.
Aiming: Searing Ray (safe; 1% risk of failure)
Press: ? - help, Shift-Dir - straight line, f - killer bee
Aim: a killer bee (65% to hit)
You feel a surge of power!
The searing ray hits the killer bee! x2
You kill the killer bee! (Press . to maintain the ray.)
You feel sick. The killer bee closely misses you.
The killer bee barely misses you.
The orc warrior hits you with a +0 short sword!
* * * LOW HITPOINT WARNING * * *
😱 HP[-16] MP[-1]
You take 16 damage, and now have 17/74 hp.
MASSIVE DAMAGE!! (PAUSE)
You lost 1 mp, and now have 15/21 mp.
The searing ray misses the killer bee.
You feel sick. The killer bee stings you!
* * * LOW HITPOINT WARNING * * *
The killer bee stings you but does no damage.
The orc warrior hits you with a +0 short sword!
You die...

Skill      XL: |  1  2  3  4  5  6  7  8  9 |
---------------+----------------------------+-----
Spellcasting   | 2 3 4 5 6 |  6.0
Conjurations   | 4 5 6 7 8 |  8.9
Dodging        | 2 |  2.0
Stealth        | 2 |  2.0
Fighting       | 2 3 5 |  5.0
Translocations | 1 3 4 |  4.0

Action                   |  1- 3 |  4- 6 |  7- 9 || total
-------------------------+-------+-------+-------++-------
Melee: Staff             |    11 |       |     1 ||    12
 Cast: Magic Dart        |    89 |    74 |    56 ||   219
       Searing Ray       |       |    12 |    45 ||    57
  Use: Scroll            |       |       |    13 ||    13
       Potion            |       |       |     1 ||     1
Armor: Robe              |     2 |     4 |     4 ||    10
       Steam dragon scal |       |       |     6 ||     6
Dodge: Dodged            |    10 |    12 |    33 ||    55

Levels and vault maps discovered:
D:1:      scummos_arrival_simple_crosswalls, layout_basic,
          shapermc_ecumenical_altar_mp_ritualfount
D:2:      minmay_recursive_quarters, layout_basic, kennysheep_small_spiral,
          minmay_diced_spiral
D:3:      wad_river_or_something, layout_loops_ring, ebering_ghost_sewer_d,
          amcnicky_mini_rare_corridor_liquid
D:4:      layout_loops_ring, fedhas_altar_2, portal_sewer_entry_d,
          guppyfry_early_lair_pool
D:5:      layout_loops_ring, cheibriados_altar_1, kennysheep_mini_moat,
          nicolae_uskayaw_en_pointe
D:6:      layout_layer_cave, grunt_temple_overflow_open, roderic_roman_lattice,
          uniq_pikel
D:7:      layout_loops_ring, hangedman_ru_absence,
          minmay_temple_entry_enclosed_plants, serial_shops, shop, shop,
          nicolae_square_shop, nicolae_shop_behind_doors
D:8:      layout_layer_cave, david_lair_generic, columned_hall_lemuel

Notes
Turn   | Place    | Note
-------+----------+-------------------------------------------
     0 | D:1      | Sobieck the Demigod Conjurer began the quest for the Orb.
     0 | D:1      | Reached XP level 1. HP: 14/14 MP: 5/5
     0 | D:1      | magus.rc [v1.9.6]
   285 | D:1      | Reached skill level 2 in Spellcasting
   374 | D:1      | Reached XP level 2. HP: 20/20 MP: 1/7
   423 | D:1      | Learned a level 2 spell: Searing Ray
   512 | D:1      | Reached skill level 4 in Conjurations
  1355 | D:2      | Reached XP level 3. HP: 26/26 MP: 6/9
  1821 | D:2      | You add the spells Stone Arrow, Conjure Flame and Bolt of
                  | Magma to your library.
  1821 | D:2      | Got Vehumet's Handbook of Conjuration {@e2}
  2707 | D:3      | Reached skill level 3 in Spellcasting
  2707 | D:3      | Reached XP level 4. HP: 33/33 MP: 4/11
  2886 | D:3      | Found a runed translucent door.
  2894 | D:3      | Noticed atabob's ghost (amateur DsGl)
  3024 | D:3      | You add the spells Olgreb's Toxic Radiance, Ozocubu's
                  | Refrigeration and Ignition to your library.
  3061 | D:3      | You fall into a shaft and drop 3 floors!
  3067 | D:5      | Entered Level 5 of the Dungeon
  3067 | D:5      | Noticed an ogre
  3068 | D:5      | Noticed a phantom
  3106 | D:6      | Noticed an ogre
  3112 | D:6      | Killed an ogre
  3113 | D:6      | Reached skill level 5 in Conjurations
  3113 | D:6      | Reached XP level 5. HP: 38/38 MP: 4/12
  3238 | D:7      | Found Riumaint's General Store.
  3277 | D:6      | Reached skill level 6 in Conjurations
  3439 | D:6      | Reached skill level 2 in Dodging
  3439 | D:6      | Reached skill level 2 in Stealth
  3439 | D:6      | Reached XP level 6. HP: 29/46 MP: 3/13
  3559 | D:4      | Reached skill level 1 in Fighting
  4489 | D:4      | You fall into a shaft and drop 3 floors!
  4532 | D:6      | HP: 11/47 [ogre (28)]
  5033 | D:4      | Reached skill level 2 in Fighting
  5198 | D:4      | Reached XP level 7. HP: 55/55 MP: 10/15
  5198 | D:4      | magus.rc [v1.9.6]
  5596 | D:5      | Reached skill level 4 in Spellcasting
  5686 | D:5      | Learned a level 4 spell: Iskenderun's Mystic Blast
  5814 | D:5      | Reached skill level 3 in Fighting
  5815 | D:5      | Reached skill level 7 in Conjurations
  5815 | D:5      | Reached skill level 1 in Translocations
  5943 | D:5      | Noticed a +0 dagger
  5944 | D:5      | Noticed a +0 dagger
  5945 | D:5      | Noticed a +0 falchion
  5947 | D:5      | Noticed a +0 short sword
  5949 | D:5      | Noticed a +0 spear
  5952 | D:5      | Noticed a +0 short sword
  5952 | D:5      | Noticed a +0 falchion
  5953 | D:5      | Noticed a +0 spear
  6398 | D:5      | Reached XP level 8. HP: 62/63 MP: 13/18
  6713 | D:6      | Noticed Pikel
  6721 | D:6      | Killed Pikel
  6722 | D:6      | Reached skill level 4 in Fighting
  6722 | D:6      | Reached skill level 5 in Spellcasting
  6722 | D:6      | Reached skill level 2 in Translocations
  7007 | D:6      | Reached skill level 3 in Translocations
  7714 | D:7      | Found Waej's Antique Armour Emporium.
  7773 | D:7      | Reached skill level 8 in Conjurations
  7830 | D:7      | Reached skill level 5 in Fighting
  7868 | D:7      | Found Ugecat's Weapon Boutique.
  7870 | D:7      | Reached XP level 9. HP: 74/74 MP: 18/21
  8187 | D:7      | Found Alaepp's Antique Armour Shop.
  8217 | D:7      | Reached skill level 4 in Translocations
  8218 | D:7      | Reached skill level 6 in Spellcasting
  8517 | D:7      | HP: 17/74 [orc warrior (15)]
  8518 | D:7      | HP: 8/74 [killer bee (8)]
  8518 | D:7      | Slain by an orc warrior

Vanquished Creatures
  Pikel (D:6)
  A steam dragon (D:7)
  A hornet zombie (D:6)
  2 sky beasts
  An ice beast (D:6)
  4 ogres
  2 black bears
  A necrophage (D:5)
  A lemure (D:6)
  2 centaurs (D:5)
  A phantom (D:5)
  A kobold brigand (D:7)
  2 bullfrogs
  A scorpion (D:7)
  7 killer bees (D:7)
  3 hounds (D:4)
  A bullfrog zombie (D:6)
  A bullfrog skeleton (D:6)
  An orc priest (D:7)
  2 gnoll shamans
  2 iguanas
  6 orc wizards (D:7)
  13 gnolls
  A howler monkey skeleton (D:4)
  9 adders
  A white imp (D:7)
  3 dart slugs
  5 orcs
  8 endoplasms
  4 giant cockroaches
  6 goblins
  4 hobgoblins
  13 jackals
  2 quokkas
  5 ball pythons
  A bat (D:2)
  4 frilled lizards
  7 kobolds
  9 rats
139 creatures vanquished.

Vanquished Creatures (others)
  6 plants (D:4)
6 creatures vanquished.

Grand Total: 145 creatures vanquished

Table legend:
 A = Non-vault XP
 B = Vault XP
 C = Vault XP percentage of total XP
 D = Non-vault monster count
 E = Vault monster count
 F = Vault count percentage of total count
                 A         B        C        D         E       F
            +---------+---------+-------+---------+---------+-------
      Total |    3596 |     720 |  16.7 |     112 |      26 |  18.8
            +---------+---------+-------+---------+---------+-------
        D:1 |      40 |       0 |   0.0 |      23 |       0 |   0.0
        D:2 |      24 |      44 |  64.7 |      15 |      11 |  42.3
        D:3 |      45 |      17 |  27.4 |       5 |       9 |  64.3
        D:4 |     280 |      66 |  19.1 |      14 |       5 |  26.3
        D:5 |     717 |       0 |   0.0 |      14 |       0 |   0.0
        D:6 |     976 |     593 |  37.8 |      10 |       1 |   9.1
        D:7 |    1514 |       0 |   0.0 |      31 |       0 |   0.0
            +---------+---------+-------+---------+---------+-------

Illustrated notes

Table legend:
 A = Kills in this place as a percentage of kills in entire the game.
 B = Kills by you in this place as a percentage of kills by you in the entire game.
 C = Kills by friends in this place as a percentage of kills by friends in the entire game.
 D = Other kills in this place as a percentage of other kills in the entire game.
 E = Experience gained in this place as a percentage of experience gained in the entire game.
 F = Experience gained in this place divided by the number of levels of this place that you have seen.
                   A       B       C       D       E      F
               +-------+-------+-------+-------+-------+----------------------
         Total | 100.0 | 100.0 |   N/A |   N/A | 100.0 | 539.5
       Dungeon | 100.0 | 100.0 |   N/A |   N/A | 100.0 | 539.5
               +-------+-------+-------+-------+-------+----------------------

Table legend: (Time is in decaauts)
 A = Elapsed time spent in this place.
 B = Non-inter-level travel time spent in this place.
 C = Inter-level travel time spent in this place.
 D = Time resting spent in this place.
 E = Time spent auto-exploring this place.
 F = Levels seen in this place.
 G = Mean time per level.
                   A        B        C        D        E       F      G
               +--------+--------+--------+--------+--------+-----+--------+
         Total |   8553 |   8131 |    422 |   1436 |   5738 |   8 | 1069.1 |
       Dungeon |   8553 |   8131 |    422 |   1436 |   5738 |   8 | 1069.1 |
               +--------+--------+--------+--------+--------+-----+--------+

Top non-repeatable levels by time:
     D:6: 1594 daAuts
     D:3: 1294 daAuts
     D:2: 1262 daAuts
     D:1: 1251 daAuts
     D:7: 1067 daAuts
     D:4: 1039 daAuts
     D:5: 1036 daAuts
     D:8: 6 daAuts
